 Dungeon Sprint DCSS version 0.27.1-34-g3ba077fa99 (webtiles) character file.

Game seed: 84706448354525484

2382 boopmooplesden the Blocker (level 9, 0/92 HPs)
             Began as a Minotaur Fighter on Jan 11, 2022.
             Was a Believer of Okawaru.
             Slain by a tentacle (8 damage)
             ... attached to a kraken
             ... in the Dungeon (Sprint II: "The Violet Keep of Menkaure").
             The game lasted 00:04:08 (1883 turns).

boopmooplesden the Blocker (Minotaur Fighter)       Turns: 1883, Time: 00:04:08

Health: 0/92       AC: 13    Str: 23    XL:     9   Next: 22%
Magic:  6/7        EV: 12    Int:  6    God:    Okawaru [**....]
Gold:   37         SH: 13    Dex: 12    Spells: 8/8 levels left

rFire    + . .     SeeInvis +   a - +0 long sword
rCold    . . .     Faith    .   c - +0 kite shield
rNeg     + . .     Spirit   .   b - +0 scale mail
rPois    .         Reflect  .   (helmet restricted)
rElec    .         Harm     .   k - +0 cloak
rCorr    .         Rampage  +   (no gloves)
Will     .....     NoTele   +   d - +1 pair of boots {rampage}
Stlth    ..........             (no amulet)
HPRegen  0.25/turn              l - ring of Noish {Contam rF+ rN+ Dex+2 SInv}
MPRegen  0.10/turn              (no ring)

@: unable to read, very slow
A: horns 2, retaliatory headbutt, low mp 1, inability to read while threatened
a: Renounce Religion, Heroism


You were in the Dungeon.
You worshipped Okawaru.
Okawaru was pleased with you.
You visited 1 branch You collected 729 gold pieces.
You spent 692 gold pieces at shops.

Inventory:

Hand Weapons
 a - a +0 long sword (weapon)
Armour
 b - a +0 scale mail (worn)
 c - a +0 kite shield (worn)
 d - a +1 pair of boots of rampaging (worn)
 k - a +0 cloak (worn)
Jewellery
 l - the ring of Noish (left hand) {Contam rF+ rN+ Dex+2 SInv}
   (You bought it in a shop in the Dungeon)

   [ring of see invisible]

   Dex:       It affects your dexterity (+2).
   rF:        It protects you from fire.
   rN:        It protects you from negative energy.
   SInv:      It lets you see invisible.
   Contam:    It causes magical contamination when unequipped.
Scrolls
 j - a scroll of blinking
Potions
 h - 2 potions of magic


   Skills:
 + Level 12.9 Fighting
 + Level 10.7 Long Blades
 + Level 12.4 Armour
 + Level 5.7 Dodging
 + Level 0.2 Stealth
 + Level 13.3 Shields


You had 8 spell levels left.
You didn't know any spells.
Your spell library was empty.

Dungeon Overview and Level Annotations

Branches:
Dungeon (1/1)

Altars:
Cheibriados
Dithmenos
Elyvilon
Fedhas
Gozag
Hepliaklqana
Kikubaaqudgha
Makhleb
Nemelex Xobeh
Okawaru
Qazlal
Ru
Sif Muna
Trog
Uskayaw
Vehumet
Wu Jian
Xom
Yredelemnul
Zin
The Shining One
Beogh
Jiyva
Lugonu

Shops:
D ==:==??:[[![*(!

Annotations:
D exclusion: oklob plant


Innate Abilities, Weirdness & Mutations

You have a pair of horns on your head.
You reflexively headbutt those who attack you in melee.
Your magical capacity is low. (-10% MP)
You sometimes lose the ability to read scrolls when taking damage.


Message History

You hit the tentacle but do no damage.
The tentacle is heavily wounded.
You block the tentacle's attack.
Your unstable footing causes you to fumble your attack.
The tentacle misses you. The tentacle slaps you!
Your unstable footing causes you to fumble your attack.
The tentacle barely misses you. You furiously retaliate!
You headbutt the tentacle, but do no damage.
You hit the tentacle but do no damage. You headbutt the tentacle.
The tentacle is heavily wounded.
The tentacle slaps you.
You hit the tentacle.
The tentacle is severely wounded.
The tentacle closely misses you.
You slash the tentacle!
The tentacle is severely wounded.
The tentacle slaps you but does no damage.
You hit the tentacle but do no damage.
The tentacle is severely wounded.
The tentacle barely misses you. You furiously retaliate!
You headbutt the tentacle! You block the tentacle's attack.
You hit the tentacle but do no damage. You headbutt the tentacle.
The tentacle is almost dead.
The tentacle slaps you.
Your unstable footing causes you to fumble your attack.
You block the tentacle's attack.
Your unstable footing causes you to fumble your attack.
The tentacle slaps you!
* * * LOW HITPOINT WARNING * * *
You hit the tentacle.
You kill the tentacle!
You rampage towards the tentacle segment!
You feel like a meek peon again. You block the tentacle's attack.
The tentacle closely misses you. The tentacle slaps you!
* * * LOW HITPOINT WARNING * * *
The tentacle slaps you but does no damage.
You block the tentacle's attack.
A tentacle rises from the water!
The tentacle slaps you!
You die...

## +.### [▓:($$$!"!▓▓ .#
...####▓($[($???▓▓ .##
#.^##.#▓($([(?(?▓▓ ..#
+..#..#▓)!)$=$?$▓▓ ..#
#..#..#▓(![$:?!)▓▓
..####..##.#▓[[[$((()▓▓
.§..###...##▓▓▓▓▓▓▓Λ▓▓▓▓+▓
...§§.≈≈)≈≈≈≈≈≈§@w≈.──Xw≈▓
≈§.§§.≈#'########'###.ww≈▓
≈≈≈≈§§≈#....._._#§§§## ≈≈▓
§≈≈§§.≈#...._._.#≈§§§## ▓
§≈≈§§≈≈#..._._._#§§§§§##
≈§≈§§§≈#.._._._.#§§§§§≈#
§§≈§§≈≈#._._._._#§§§§§≈+
≈≈###§§#_._._._.#§§≈≈§≈#
§§# #≈≈#._._._..#≈≈≈≈§≈▓


You could see a kraken and 4 tentacles.

Vanquished Creatures
  A yaktaur (D)
  A hornet (D)
  3 polar bears (D)
  A vampire mosquito (D)
  4 neqoxecs (D)
  Menkaure (D)
  3 water moccasins (D)
  4 scorpions (D)
  3 worms (D)
  A tentacle (D)
22 creatures vanquished.

Vanquished Creatures (others)
  A water moccasin (D)
  12 tentacles (D)
13 creatures vanquished.

Grand Total: 35 creatures vanquished

Notes
Turn   | Place    | Note
-------+----------+-------------------------------------------
     0 | D        | boopmooplesden the Minotaur Fighter began the quest for the
                  | Orb.
     0 | D        | Reached XP level 1. HP: 19/19 MP: 0/0
     1 | D        | Noticed a boulder beetle
     1 | D        | Noticed a boulder beetle
     4 | D        | Noticed a neqoxec
     4 | D        | Noticed a neqoxec
     4 | D        | Noticed a neqoxec
     4 | D        | Noticed a neqoxec
     8 | D        | Killed a neqoxec
     9 | D        | Reached skill level 1 in Dodging
     9 | D        | Reached skill level 7 in Shields
     9 | D        | Reached XP level 2. HP: 17/34 MP: 1/1
     9 | D        | Reached XP level 3. HP: 19/39 MP: 2/2
     9 | D        | Reached XP level 4. HP: 23/47 MP: 3/3
     9 | D        | Gained mutation: You sometimes lose the ability to read
                  | scrolls when taking damage. [a neqoxec]
    12 | D        | Killed a neqoxec
    13 | D        | Reached skill level 5 in Long Blades
    13 | D        | Reached skill level 8 in Shields
    13 | D        | Reached XP level 5. HP: 29/57 MP: 4/4
    15 | D        | Killed a neqoxec
    16 | D        | Reached skill level 10 in Fighting
    16 | D        | Reached skill level 9 in Shields
    16 | D        | Reached XP level 6. HP: 26/66 MP: 5/5
    18 | D        | Gained mutation: Your magical capacity is low. (-10% MP) [a
                  | neqoxec]
    19 | D        | Killed a water moccasin
    20 | D        | Killed a neqoxec
    21 | D        | Reached skill level 10 in Shields
    21 | D        | Reached XP level 7. HP: 23/73 MP: 5/5
   255 | D        | Reached skill level 10 in Armour
   471 | D        | Found Naocwus's Assorted Antiques.
   471 | D        | Found Pesyd's Antique Weapon Shoppe.
   471 | D        | Found Baoret's Distillery.
   471 | D        | Found Gorgh's Antique Armour Emporium.
   471 | D        | Found Hoociog's Antique Armour Shoppe.
   471 | D        | Found Ufyvvie's Antique Armour Shoppe.
   473 | D        | Found Wufer's Book Shoppe.
   473 | D        | Found Xawnapp's Magic Scroll Emporium.
   474 | D        | Found Xoqum's Distillery.
   474 | D        | Found Teepod's Magic Scroll Emporium.
   478 | D        | Noticed a vampire mosquito
   495 | D        | Killed a vampire mosquito
   496 | D        | Reached skill level 11 in Shields
   505 | D        | Noticed Menkaure
   521 | D        | Killed Menkaure
   523 | D        | Found Luuskyzo's Jewellery Shoppe.
   523 | D        | Found Zeth's Jewellery Emporium.
   523 | D        | Noticed an oklob plant
   523 | D        | Noticed a cane toad
   523 | D        | Noticed a cane toad
   524 | D        | Found Xaoxkiha's Jewellery Shoppe.
   524 | D        | Found Vufeeceg's Jewellery Emporium.
   524 | D        | Found Jonieqos's Book Shoppe.
   530 | D        | Bought a pair of embroidered boots for 217 gold pieces
   540 | D        | Bought a cloak for 94 gold pieces
   547 | D        | Noticed a hell hog
   549 | D        | Noticed a hell hog
   553 | D        | Bought the ring of Noish {Contam rF+ rN+ Dex+2 SInv} for
                  | 381 gold pieces
   791 | D        | Noticed an orange crystal statue
   801 | D        | Found a snail-covered altar of Cheibriados.
   802 | D        | Found a shadowy altar of Dithmenos.
   802 | D        | Found a viscous altar of Jiyva.
   803 | D        | Found a white marble altar of Elyvilon.
   803 | D        | Found an ancient bone altar of Kikubaaqudgha.
   803 | D        | Found a hazy altar of Hepliaklqana.
   803 | D        | Found a sacrificial altar of Ru.
   804 | D        | Found a blossoming altar of Fedhas.
   804 | D        | Found a corrupted altar of Lugonu.
   804 | D        | Found a shimmering blue altar of Sif Muna.
   805 | D        | Found an opulent altar of Gozag.
   805 | D        | Found a burning altar of Makhleb.
   805 | D        | Found a bloodstained altar of Trog.
   806 | D        | Found a sparkling altar of Nemelex Xobeh.
   806 | D        | Found a hide-covered altar of Uskayaw.
   807 | D        | Found a basalt altar of Yredelemnul.
   808 | D        | Found an iron altar of Okawaru.
   808 | D        | Found a radiant altar of Vehumet.
   808 | D        | Found a glowing silver altar of Zin.
   808 | D        | Found a shimmering altar of Xom.
   808 | D        | Noticed a hornet
   808 | D        | Noticed a polar bear
   808 | D        | Noticed a polar bear
   809 | D        | Found a stormy altar of Qazlal.
   809 | D        | Found an ornate altar of the Wu Jian Council.
   809 | D        | Found a glowing golden altar of the Shining One.
   809 | D        | Noticed a yaktaur
   809 | D        | Noticed a polar bear
   818 | D        | Became a worshipper of Warmaster Okawaru
   832 | D        | Killed a hornet
   833 | D        | Reached XP level 8. HP: 83/83 MP: 6/6
   838 | D        | Killed a yaktaur
   838 | D        | Reached * piety under Okawaru
   839 | D        | Reached skill level 12 in Shields
   845 | D        | Killed a polar bear
   846 | D        | Reached skill level 10 in Long Blades
   865 | D        | Killed a polar bear
   871 | D        | Killed a polar bear
   871 | D        | Reached ** piety under Okawaru
   872 | D        | Reached skill level 5 in Dodging
   872 | D        | Reached XP level 9. HP: 11/92 MP: 7/7
  1315 | D        | Noticed a kraken
  1341 | D        | Reached skill level 13 in Shields
  1883 | D        | Slain by a tentacle

Illustrated notes

Levels and vault maps discovered:
D:        the_violet_keep_of_menkaure [sprint2_stairs_cluster_1,
          sprint2_shoproom, sprint2_temple, sprint2_basic_supplies,
          sprint2_obstacle_4, sprint2_obstacle_6, sprint2_obstacle_1,
          sprint2_obstacle_3, sprint2_obstacle_7, sprint2_timed_cluster_1,
          sprint2_smallroom_cluster_1, sprint2_smallroom_final_cluster_1,
          sprint2_transparent_cluster_1, sprint2_second_timed_cluster_1,
          sprint2_sniper_area_1, sprint2_heavy_combat_area_1,
          sprint2_mutation_trap_area_1, sprint2_forest_area_1,
          sprint2_light_combat_area_1, sprint2_behind_water_1,
          sprint2_near_end_vault_1]

Skill      XL: |  1  2  3  4  5  6  7  8  9 |
---------------+----------------------------+-----
Fighting       | 7 9 10 12 | 12.9
Long Blades    | 4 5 6 9 10 | 10.7
Armour         | 7 8 9 11 12 | 12.4
Dodging        | 1 2 3 5 |  5.7
Shields        | 7 8 9 10 11 12 13 | 13.3
Stealth        | |  0.2

Action                   |  1- 3 |  4- 6 |  7- 9 || total
-------------------------+-------+-------+-------++-------
Melee: Long sword        |     3 |    12 |   145 ||   160
       Headbutt          |     1 |     2 |    27 ||    30
Invok: Heroism           |       |       |     1 ||     1
  Use: Potion            |     1 |       |     4 ||     5
Armor: Scale mail        |       |     1 |    73 ||    74
Dodge: Dodged            |     2 |     4 |    69 ||    75
Block: Kite shield       |     1 |     2 |   128 ||   131
       Rpst.: Long sword |     1 |     2 |    10 ||    13
